 Dungeon Crawl Stone Soup version 0.20.0-15-g7f486f2 (webtiles) character file.

48 rezek the Scratcher (level 3, -3/15 HPs)
             Began as a Felid Transmuter on June 28, 2017.
             Slain by a worm (12 damage)
             ... on level 2 of the Dungeon.
             The game lasted 00:04:14 (1206 turns).

rezek the Scratcher (Felid Transmuter)              Turns: 1206, Time: 00:04:15

Health: -3/15      AC:  1    Str:  9    XL:     3   Next: 50%
Magic:  6/7        EV: 18    Int: 15    God:
Gold:   69         SH:  0    Dex: 16    Spells: 3/6 levels left
                                        Lives:  0   Deaths: 0

rFire    . . .     SeeInvis +     - Unarmed
rCold    . . .     Gourm    .   (shield unavailable)
rNeg     . . .     Faith    .   (armour unavailable)
rPois    .         Spirit   .   (helmet unavailable)
rElec    .         Reflect  .   (cloak unavailable)
rCorr    .         Harm     .   (gloves unavailable)
MR       .....                  (boots unavailable)
Stlth    ++........             (no amulet)
Regen    0.1/turn               g - +3 ring of strength
MPRegen  0.1/turn               (no ring)

@: appendage, quick
A: no armour, no weapons or thrown items, stealth, claws 1, fangs 3, horns 2,
see invisible, carnivore 3, speed 1, shaggy fur 1, slow metabolism 1, sharp paws
a: End Transformation


You were on level 2 of the Dungeon.
You were completely stuffed.
You had grown temporary horns.
You visited 1 branch of the dungeon, and saw 2 of its levels.

You collected 69 gold pieces.

Inventory:

Missiles
 a - 12 arrows
Jewellery
 g - a +3 ring of strength (left paw)
Scrolls
 d - 3 scrolls of identify {unknown}
 e - 3 scrolls of enchant weapon {unknown}
 f - a scroll of fog {unknown}
 h - 2 scrolls of teleportation {unknown}
 m - a scroll of remove curse {unknown}
Potions
 i - a potion of might {unknown}
 j - a potion of heal wounds {unknown}
 k - a potion of degeneration {unknown}
Books
 b - a book of Changes

   Spells                             Type                      Level
   a - Beastly Appendage              Transmutation                1
   b - Sticks to Snakes               Transmutation                2
   c - Spider Form                    Transmutation/Poison         3
   d - Ice Form                       Ice/Transmutation            4
   e - Blade Hands                    Transmutation                5
Comestibles
 c - 2 meat rations
 l - 8 chunks of flesh


   Skills:
 + Level 1.0 Fighting
 + Level 2.9 Dodging
 + Level 0.4 Stealth
 * Level 4.0 Unarmed Combat
 + Level 2.2 Spellcasting
 * Level 2.5 Transmutations


You had 3 spell levels left.
You knew the following spells:

 Your Spells              Type           Power        Failure   Level  Hunger
a - Beastly Appendage     Tmut           #.....       8%          1    #......
b - Sticks to Snakes      Tmut           #.......     12%         2    ###....


Dungeon Overview and Level Annotations

Branches:
Dungeon (2/15)

Altars:
Qazlal
Vehumet


Innate Abilities, Weirdness & Mutations

You cannot wear armour.
You are incapable of wielding weapons or throwing items.
Your paws allow you to move quietly. (Stealth)
You have sharp claws.
You have razor-sharp teeth.
You have supernaturally acute eyesight. (SInv)
You are carnivorous and can eat meat at any time.
You cover ground quickly.
You are covered in fur. (AC +1)
You have a slow metabolism.
Your sharp claws are effective at attacking unaware monsters.
You have a pair of horns on your head.


Message History

No target in view!
No target in view!
A rat and a worm come into view.
You see here a rat corpse.
You butcher the rat corpse.
You see here a chunk of flesh.
Casting: Beastly Appendage
Confirm with . or Enter, or press ? or * to list all spells.
You grow a pair of large bovine horns.
The worm bites you.
You scratch the worm. You headbutt the worm!
The worm is heavily wounded.
You barely miss the worm. You headbutt the worm.
The worm is severely wounded.
The worm misses you.
You barely miss the worm.
The worm is severely wounded.
The worm bites you!
Ouch! That really hurt!
You die...

### ..# #.#
#.#
###.#####...
#...@wr.....
##.#%#######.
#....#
.######..###
.....(.....#
##.###.##.#
#.# #.#
.###########
# #.# #.#
.........<#.#
###.###.##
###.........#


You could see a worm and a rat.

Vanquished Creatures
  An adder (D:1)
  A worm (D:1)
  2 dart slugs (D:1)
  A leopard gecko (D:2)
  3 giant cockroaches
  3 goblins
  3 hobgoblins
  A jackal (D:1)
  6 bats
  3 frilled lizards (D:1)
  4 kobolds
  4 rats
32 creatures vanquished.

Notes
Turn   | Place    | Note
-------+----------+-------------------------------------------
     0 | D:1      | rezek the Felid Transmuter began the quest for the Orb.
     0 | D:1      | Reached XP level 1. HP: 9/9 MP: 4/4
   208 | D:1      | You fall through a shaft!
   208 | D:2      | Found a radiant altar of Vehumet.
   574 | D:1      | Reached XP level 2. HP: 9/12 MP: 4/6
   578 | D:1      | Learned a level 2 spell: Sticks to Snakes
   765 | D:1      | Reached XP level 3. HP: 15/15 MP: 5/7
   873 | D:2      | Found a stormy altar of Qazlal.
   874 | D:2      | Noticed an earth elemental
   875 | D:2      | Noticed a fire elemental
  1013 | D:2      | Reached skill level 4 in Unarmed Combat
  1206 | D:2      | Slain by a worm

Skill      XL: |  1  2  3 |
---------------+----------+-----
Unarmed Combat | 4 |  4.0
Fighting       | |  1.0
Dodging        | |  2.9
Stealth        | |  0.4
Spellcasting   | |  2.2
Transmutations | |  2.5

Action                   || total
-------------------------++-------
Melee: Unarmed           ||    82
       Headbutt          ||     8
       Punch             ||     3
       Bite              ||     3
 Cast: Beastly Appendage ||     9
 Stab: Sleeping          ||     4
       Distracted        ||     1
  Eat: Chunk             ||     8
Armor: Skin              ||    10
Dodge: Dodged            ||    79
